 Dungeon Crawl Stone Soup version 0.30-a0-474-g5673dd7ce6 (webtiles) character file.

Game seed: 1871432982562435317

1644781 xsansara the Axe Maniac (level 26, 264/264 HPs)
             Began as a Minotaur Berserker on Dec 19, 2022.
             Was the Champion of Trog.
             Escaped with the Orb
             ... and 3 runes on Dec 20, 2022!
             The game lasted 05:53:33 (70542 turns).

xsansara the Axe Maniac (Minotaur Berserker)       Turns: 70542, Time: 05:53:34

Health: 264/264    AC: 47    Str: 33    XL:     26   Next: 11%
Magic:  19/19      EV: 17    Int:  7    God:    Trog [******]
Gold:   5541       SH: 21    Dex: 14    Spells: 25/25 levels left

rFire   + + +      SeeInvis +    T - +9 broad axe of the Undead {speed, rN+}
rCold   . . .      Faith    .    G - +1 kite shield {rN+}
rNeg    + + .      Spirit   .    X - +10 gold dragon scales
rPois   +          Reflect  +    l - +2 hat
rElec   +          Harm     .    W - scarf {rC+ rF+}
rCorr   .          Rampage  ∞    P - +2 pair of gloves {Dex+3}
Will    .....                    N - +3 pair of seven-league boots {Rampage+∞}
Stlth   ..........               x - amulet of reflection
HPRegen 0.64/turn                A - ring "Miur" {Fire rElec Will- Int+3 Dex+2 SInv}
MPRegen 0.16/turn                M - ring of flight

@: flying
A: horns 2, retaliatory headbutt, clumsy 1, low MP 1, cold vulnerability 1
0: Orb of Zot
}: 3/15 runes: barnacled, silver, gossamer
a: Renounce Religion, Berserk, Trog's Hand, Brothers in Arms


You escaped.
You worshipped Trog.
Trog was exalted by your worship.
You visited 9 branches of the dungeon, and saw 47 of its levels.
You visited 1 bazaar.
You also visited: Ossuary, Bailey and Ice Cave.

You collected 9033 gold pieces.
You spent 3492 gold pieces at shops.

Inventory:

Hand Weapons
 R - a +7 broad axe of flaming
 T - the +9 broad axe of the Undead (weapon) {speed, rN+}
   (You took it off a deep elf annihilator on level 3 of the Elven Halls)

   Attacks with this weapon are significantly faster.
   rN:        It protects you from negative energy.
Missiles
 L - 19 javelins
 Z - 7 silver javelins (quivered)
Armour
 l - a +2 hat (worn)
 G - a +1 kite shield of positive energy (worn)
 J - +4 fire dragon scales {Xtahua}
 N - the +3 pair of seven-league boots (worn) {Rampage+∞}
   (You found it on level 5 of the Lair of Beasts)

   Its wearer moves as far as possible in that direction when moving towards
   enemies.
 P - a +2 pair of gloves of dexterity (worn)
 W - a scarf of resistance (worn)
 X - +10 gold dragon scales (worn)
Jewellery
 h - a ring of protection from cold
 i - a ring of protection from fire
 o - a ring of willpower
 v - a ring of protection from fire
 x - an amulet of reflection (around neck)
 A - the ring "Miur" (left hand) {Fire rElec Will- Int+3 Dex+2 SInv}
   (You found it on level 4 of the Lair of Beasts)

   [ring of fire]

   It enhances your fire magic.
   Int:       It affects your intelligence (+3).
   Dex:       It affects your dexterity (+2).
   rF:        It protects you from fire.
   rC:        It makes you vulnerable to cold.
   rElec:     It insulates you from electricity.
   SInv:      It lets you see invisible.
   Will:      It decreases your willpower.
 C - a ring of protection from fire
 M - a ring of flight (right hand)
 V - a ring of poison resistance
Wands
 a - a wand of polymorph (29)
 m - a wand of charming (25)
 n - a wand of flame (80)
 r - a wand of digging (20)
 t - a wand of mindburst (42)
 u - a wand of roots (30)
 K - a wand of acid (18)
Scrolls
 e - 17 scrolls of teleportation
 f - 11 scrolls of fog
 p - 9 scrolls of fear
 s - 2 scrolls of enchant weapon
 w - 11 scrolls of poison
 B - a scroll of blinking
 F - 3 scrolls of silence
 Y - 7 scrolls of magic mapping
Potions
 b - 13 potions of haste
 d - 10 potions of might
 g - 15 potions of curing
 j - 5 potions of heal wounds
 k - 6 potions of invisibility
 q - 10 potions of flight
 y - 2 potions of magic
 z - 7 potions of mutation
 D - 4 potions of cancellation
 I - 6 potions of resistance
 U - 4 potions of ambrosia
Miscellaneous
 c - a lightning rod (4/4)
 E - a condenser vane
 H - a box of beasts
 O - a tin of tremorstones (2/2)
 Q - a phial of floods
 S - a phantom mirror


   Skills:
 * Level 26.4 Fighting
 O Level 27 Axes
 + Level 25.7 Armour
 + Level 23.7 Dodging
 + Level 20.5 Shields
 + Level 10.4 Evocations


You had 25 spell levels left.
You didn't know any spells.
Your spell library was empty.

Dungeon Overview and Level Annotations

Branches:
Dungeon (15/15)            Temple (0/1) D:4            Lair (5/5) D:11
 Shoals (4/4) Lair:3       Spider (4/4) Lair:3        Slime (0/5) Lair:5
    Orc (2/2) D:12            Elf (3/3) Orc:2        Vaults (5/5) D:13
  Crypt (0/3) Vaults:2     Depths (4/4) D:15            Zot (5/5) Depths:4
Ossuary (visited)          Bailey (visited)           IceCv (visited)

Altars:
Ashenzari
Cheibriados
Elyvilon
Gozag
Hepliaklqana
Kikubaaqudgha
Nemelex Xobeh
Ru
Vehumet
Wu Jian
Yredelemnul
The Shining One
Jiyva
Lugonu

Shops:
Orc:2 *[=(   Elf:2 :=[:[   Elf:3 :   Shoals:1 :   Vaults:1 *   Vaults:4 [

Portals:
Hell: Depths:1 Depths:2 Depths:3 Depths:4
Abyss: Depths:2 Depths:3 Depths:4
Pandemonium: Depths:2
Ziggurat: Depths:3
Trove: D:11 (give 6 scrolls of blinking)

Annotations:
D:3 3 runed translucent doors, swagumen's ghost, amateur NaTm
D:6 3 runed translucent doors, bosakos's ghost, novice GnWn
D:11 exclusions: oklob plant and oklob sapling
D:13 exclusion: orange crystal statue
Zot:2 3 transporters


Innate Abilities, Weirdness & Mutations

You have a pair of horns on your head.
You reflexively headbutt those who attack you in melee.
You are clumsy. (Dex -2)
Your magical capacity is low. (-10% MP)
You are vulnerable to cold. (rC-)


Message History

You slice the sun demon!!
You kill the sun demon!
Trog accepts your kill.
You start resting.
A demonspawn warmonger, a reaper and a demonspawn corrupter come into view.
The demonspawn warmonger is wielding a +3 glaive of venom.
The reaper is wielding a +4 scythe of venom.
The demonspawn corrupter is wielding a +1 demon trident of venom and wearing a +0 chain mail of fire resistance.
You fly upwards.
There is a stone staircase leading down here.
(D) Dungeon (T) Temple (L) Lair (A) Shoals (N) Spider Nest (M) Slime Pits (O) Orcish Mines (E) Elven Halls (V) Vaults (C) Crypt (U) Depths (H) Hell (Z) Zot
Where to? (Enter - D:1, ? - help)
What level of the Dungeon? (default 1, ? - help)
There is a stone staircase leading up here.
You fly upwards.
Level annotation: 3 runed translucent doors, bosakos's ghost, novice GnWn
There is a stone staircase leading down here.
There is a stone staircase leading up here.
You fly upwards.
There is a stone staircase leading down here.
There is a stone staircase leading up here.
You fly upwards.
There is a stone staircase leading down here.
There is a stone staircase leading up here.
You fly upwards.
Level annotation: 3 runed translucent doors, swagumen's ghost, amateur NaTm
There is a stone staircase leading down here.
There is a stone staircase leading up here.
You fly upwards.
There is a stone staircase leading down here.
There is a stone staircase leading up here.
You fly upwards.
There is a stone staircase leading down here.
You see here 5 stones.
You see here a +0 animal skin.
A green death comes into view.
There is an open door here.
There is a staircase leading out of the dungeon here.
You have escaped!

.....).##..# ##...##....
.......##..########
##.#######
.......##.........# #.#
.....#.###.######.# ###.#
...#.#.# #.# #.#####.#.#
#....#.# #.# ####.........#
#.####.# #.# #.....###....#
#.# #.# #.# #.###.##.###.##
#.# #.# #.###.+@'...## ##.#
#.#
#.###....#######.###.#######
#.####.##.#####
##.#......(.. .........#.#
##.######### ...###.##.##
#..2..# #..# #.##.#
#.....##### #..# #.##.#
#.[........ #..# #.##.#
#.......... #..# #.##.#
#.....#####


There were no monsters in sight!

Vanquished Creatures
  2 dread liches
  2 orbs of fire (Zot:5)
  An ancient lich (Zot:3)
  2 juggernauts
  Bai Suzhen (Shoals:3)
  Parghit (Depths:3)
  5 Killer Klowns
  2 curse toes
  5 caustic shrikes
  Nikola (Elf:3)
  15 golden dragons
  A bone dragon (Vaults:2)
  5 electric golems
  Mlioglotl (Shoals:2)
  Rupert (D:12)
  28 tentacled monstrosities
  2 walking earthen tomes (Depths:2)
  2 walking divine tomes
  Asterion (D:15)
  23 Orb Guardians
  5 quicksilver dragons
  5 liches
  4 walking frostbound tomes
  3 deep elf blademasters
  2 deep elf master archers (Elf:3)
  8 titans
  7 sphinxes
  An acid blob (shapeshifter) (Vaults:4)
  2 death cobs (Zot:2)
  11 storm dragons
  6 shadow dragons
  Frances (D:14)
  9 draconian monks
  7 tengu reavers
  8 fire giants
  10 frost giants
  5 emperor scorpions
  3 iron dragons
  8 draconian scorchers
  4 draconian knights
  23 vault wardens
  6 deep elf sorcerers
  2 balrugs
  6 ghost moths
  10 draconian shifters
  5 draconian stormcallers
  A reaper (D:13)
  3 war gargoyles
  3 draconian annihilators
  An orc warlord (Vaults:1)
  2 deep elf elementalists (Elf:3)
  A spriggan defender (D:15)
  14 ironbound preservers
  19 very ugly things
  A broodmother (Spider:2)
  7 stone giants
  3 vampire knights
  5 deep elf demonologists
  8 ironbound thunderhulks
  12 green draconians
  5 spark wasps
  9 dire elephants
  10 red draconians
  5 yellow draconians
  10 deep elf annihilators
  18 black draconians
  15 white draconians
  25 purple draconians
  10 deep elf death magi
  8 merfolk javelineers
  3 crystal guardians
  7 ettins
  4 fire dragons
  Josephine (D:10)
  11 merfolk impalers
  7 entropy weavers
  8 great orbs of eyes
  15 yaktaur captains
  6 deep elf high priests
  37 vault guards
  3 merfolk avatars
  8 spriggan air magi
  2 ogre magi
  6 ice dragons
  A catoblepas (Lair:5)
  A rakshasa (Depths:3)
  3 alligator snapping turtles (Shoals:4)
  3 hydras
  An anaconda (shapeshifter) (Depths:1)
  5 peacekeepers
  3 radroaches
  A jorogumo (Spider:4)
  Erica (Lair:1)
  11 ironbound frosthearts
  10 two-headed ogres
  13 boulder beetles
  4 merfolk aquamancers
  30 dancing weapons
  20 centaur warriors
  A death knight (D:14)
  3 deep troll shamans
  9 death yaks
  2 satyrs
  8 deep troll earth magi
  Urug (D:10)
  5 tengu warriors
  6 orc high priests (Orc:2)
  7 spriggan berserkers
  11 deep elf knights
  Sonja (Lair:1)
  4 sun demons (D:8)
  4 iron trolls
  2 spriggans
  6 hell knights
  4 shadow wraiths
  A storm dragon zombie (Vaults:3)
  2 soul eaters (D:13)
  37 deep trolls
  7 pharaoh ants
  16 sea snakes
  11 steelbarb worms
  A fire crab (Lair:5)
  2 death drakes (Depths:4)
  11 deep elf archers
  2 sun moths (Spider:4)
  A sphinx zombie (Vaults:3)
  2 flayed ghosts (Depths:1)
  14 orb spiders
  3 orc knights
  11 lindwurms
  Pikel (D:6)
  5 phantasmal warriors
  12 necromancers
  20 ironbound convokers
  7 wizards
  23 harpies
  22 deep elf zephyrmancers
  A tengu zombie (Vaults:3)
  A faun (shapeshifter) (Vaults:4)
  37 deep elf pyromancers
  15 manticores
  2 harpies (shapeshifter)
  3 orc sorcerers
  14 fauns
  22 wolf spiders
  39 ugly things
  An iron dragon zombie (Depths:1)
  A manticore (shapeshifter) (Vaults:5)
  A cyclops (shapeshifter) (D:14)
  15 moths of wrath
  A guardian serpent (shapeshifter) (D:14)
  3 cyclopes
  7 spectral centaurs
  An iron dragon skeleton (Depths:1)
  12 elephants
  7 centaur zombies
  18 merfolk sirens
  3 ice statues (IceCv)
  A guardian serpent (Lair:5)
  18 vault sentinels
  3 water nymphs
  6 black mambas
  Maurice (D:11)
  13 cane toads
  9 centaur skeletons
  A gargoyle (D:12)
  5 torpor snails
  Psyche (D:11)
  8 komodo dragons
  2 tormentors (D:13)
  12 demonic crawlers
  A komodo dragon (shapeshifter) (D:15)
  49 yaktaurs
  5 rime drakes
  A hellwing (Depths:2)
  An ice devil (Depths:2)
  2 efreet
  3 freezing wraiths
  3 tengu conjurers
  A spriggan skeleton (Depths:1)
  7 polar bears
  31 merfolk
  9 trolls
  9 meliai
  10 tarantellas
  Grinder (D:6)
  5 wind drakes
  11 hornets
  A harpy skeleton (D:13)
  32 slime creatures
  10 snapping turtles
  7 dream sheep
  12 blink frogs
  A stone giant simulacrum (Vaults:3)
  A dream sheep (shapeshifter) (D:15)
  An ettin zombie (Vaults:3)
  A meliai zombie (D:13)
  32 culicivoras
  28 jumping spiders
  A frost giant simulacrum (Depths:1)
  2 air elementals (Elf:1)
  6 centaur simulacra (D:13)
  14 water elementals
  2 ynoxinuls
  A dire elephant simulacrum (IceCv)
  16 humans (D:13)
  A vampire (D:7)
  8 wraiths
  4 wyverns
  A fire elemental (Elf:2)
  A fire bat (shapeshifter) (Vaults:4)
  Eustachio (D:6)
  34 yaks
  2 steam dragons
  9 basilisks
  3 golden eyes (D:13)
  74 redbacks
  12 vampire mosquitoes
  Menkaure (D:6)
  2 harpy simulacra (IceCv)
  8 wargs (Orc:2)
  A swamp worm (shapeshifter) (Vaults:5)
  2 acid dragons
  Duvessa (D:5)
  16 water moccasins
  2 floating eyes
  8 orc warriors
  2 sky beasts
  3 ice beasts (D:5)
  A meliai simulacrum (D:13)
  5 black bears
  An ettin simulacrum (Vaults:3)
  10 boggarts
  18 wolves
  15 ogres
  8 centaurs
  2 phantoms
  A human skeleton (Vaults:3)
  Blork the orc (D:5)
  A kobold brigand (D:9)
  13 bullfrogs
  9 gnoll sergeants
  4 necrophages
  3 earth elementals
  5 scorpions
  Dowan (D:5)
  5 wights (D:9)
  24 killer bees
  5 howler monkeys
  2 vampire bats (D:6)
  4 electric eels
  3 jellies
  38 orc priests
  6 gnoll boudas (Bailey)
  6 hounds
  Jessica (D:2)
  Ijyb (D:3)
  4 iguanas
  Natasha (thrice) (D:4)
  16 orc wizards
  3 polar bear simulacra (IceCv)
  A boggart skeleton (D:13)
  2 wolf simulacra (IceCv)
  8 mummies (Ossuary)
  17 gnolls
  14 adders
  A shadow imp (D:6)
  A white imp (D:6)
  An ufetubus (D:4)
  4 worms
  71 orcs
  2 bat skeletons (D:6)
  4 bat zombies (D:6)
  11 endoplasms
  2 giant cockroaches
  12 goblins
  6 hobgoblins
  4 jackals (D:3)
  12 kobolds
  13 ball pythons
  11 bats
  2 frilled lizards
  5 gnoll zombies (Ossuary)
  2 hobgoblin zombies (Ossuary)
  A kobold zombie (Ossuary)
  4 rats
  A plant (Shoals:4)
2195 creatures vanquished.

Vanquished Creatures (collateral kills)
  Xtahua (Vaults:4)
  An emperor scorpion (Spider:4)
  A reaper (D:13)
  Snorg (Orc:2)
  A deep elf death mage (D:13)
  A tengu warrior (D:8)
  A sun moth (Spider:4)
  A manticore (Lair:5)
  A cane toad (Lair:1)
  2 hornets (Spider:4)
  A centaur simulacrum (D:13)
  4 yaks
  An orc warrior (Orc:2)
  An ogre (Orc:2)
  A centaur (D:12)
  2 bullfrogs (D:8)
  2 orcs (Orc:2)
23 creatures vanquished.

Vanquished Creatures (others)
  A storm dragon (Vaults:5)
  A purple draconian (Depths:4)
  A black draconian (Depths:4)
  A wizard (Vaults:1)
  A sphinx zombie (Depths:1)
  A deep elf pyromancer (Elf:3)
  A cyclops (Shoals:2)
  A manticore (Shoals:3)
  A spectral centaur (D:13)
  A basilisk (Lair:1)
  A floating eye (Depths:4)
  An orc wizard (Orc:1)
  21 fungi
  104 plants
  4 starspawn tentacles (Shoals:2)
141 creatures vanquished.

Grand Total: 2359 creatures vanquished

Notes
Turn   | Place    | Note
-------+----------+-------------------------------------------
     0 | D:1      | xsansara the Minotaur Berserker began the quest for the
                  | Orb.
     0 | D:1      | Reached XP level 1. HP: 19/19 MP: 0/0
    96 | D:1      | Reached skill level 4 in Axes
   127 | D:1      | Reached XP level 2. HP: 25/26 MP: 1/1
   673 | D:1      | Reached ** piety under Trog
   681 | D:1      | Reached skill level 5 in Axes
   875 | D:2      | Reached XP level 3. HP: 27/31 MP: 2/2
   893 | D:2      | Noticed Jessica
   917 | D:2      | Killed Jessica
  1097 | D:2      | Reached skill level 6 in Axes
  1097 | D:2      | Reached XP level 4. HP: 39/39 MP: 3/3
  1561 | D:3      | Noticed an ogre
  1569 | D:3      | Killed an ogre
  1570 | D:3      | Reached skill level 7 in Axes
  1570 | D:3      | Reached XP level 5. HP: 45/45 MP: 4/4
  2047 | D:3      | Noticed Ijyb
  2069 | D:3      | Killed Ijyb
  2244 | D:3      | Found a runed translucent gate.
  2244 | D:3      | Found a runed translucent gate.
  2244 | D:3      | Found a runed translucent gate.
  2245 | D:3      | Noticed swagumen's ghost (amateur NaTm)
  2429 | D:4      | Reached skill level 8 in Axes
  2429 | D:4      | Reached XP level 6. HP: 52/52 MP: 5/5
  2547 | D:4      | Noticed a yak
  2547 | D:4      | Noticed a yak
  2548 | D:4      | Noticed a yak
  2552 | D:4      | Noticed a yak
  2554 | D:4      | Killed a yak
  2561 | D:4      | Killed a yak
  2562 | D:4      | Reached XP level 7. HP: 60/60 MP: 6/6
  2566 | D:4      | Killed a yak
  2567 | D:4      | Reached skill level 9 in Axes
  2571 | D:4      | Killed a yak
  2659 | D:4      | Reached skill level 5 in Fighting
  2905 | D:4      | Noticed Natasha
  2912 | D:4      | Killed Natasha
  3021 | D:4      | Noticed Natasha
  3029 | D:4      | Killed Natasha
  3271 | D:4      | Reached XP level 8. HP: 60/68 MP: 7/7
  3315 | D:4      | Noticed Natasha
  3317 | D:4      | Killed Natasha
  3321 | D:4      | Found a staircase to the Ecumenical Temple.
  3333 | D:4      | Reached *** piety under Trog
  3412 | D:4      | Found an ornate altar of the Wu Jian Council.
  3446 | D:4      | Reached skill level 10 in Axes
  3606 | D:5      | Entered Level 5 of the Dungeon
  3610 | D:5      | Found a sand-covered staircase.
  3617 | Ossuary  | Entered an ossuary
  3721 | Ossuary  | Reached skill level 5 in Armour
  4269 | D:5      | Noticed Duvessa
  4270 | D:5      | Noticed Dowan
  4271 | D:5      | Noticed Blork the orc
  4278 | D:5      | Killed Duvessa
  4281 | D:5      | Killed Blork the orc
  4288 | D:5      | Killed Dowan
  4289 | D:5      | Reached skill level 5 in Dodging
  4338 | D:5      | Found a basalt altar of Yredelemnul.
  4480 | D:5      | Found a large runed translucent door.
  4480 | D:5      | Found a large runed translucent door.
  4484 | D:5      | Found a large runed translucent door.
  4484 | D:5      | Found a large runed translucent door.
  4539 | D:5      | Reached skill level 11 in Axes
  4550 | D:5      | Reached XP level 9. HP: 78/78 MP: 8/8
  4555 | D:5      | Identified the +1 leather armour of the Lotus Blossom
                  | {rPois}
  4770 | D:5      | Noticed a two-headed ogre
  4776 | D:5      | Killed a two-headed ogre
  4886 | D:5      | Identified the +1 leather armour "Refomir" {+Inv Regen+
                  | Str+3 Dex-5}
  4965 | D:5      | Reached skill level 12 in Axes
  5047 | D:5      | Found a white marble altar of Elyvilon.
  5287 | D:6      | Noticed Menkaure
  5304 | D:6      | Killed Menkaure
  5647 | D:6      | Reached **** piety under Trog
  5648 | D:6      | Reached XP level 10. HP: 71/88 MP: 9/9
  5794 | D:6      | Noticed Grinder
  5813 | D:6      | Killed Grinder
  5921 | D:6      | Found a runed translucent gate.
  5921 | D:6      | Found a runed translucent gate.
  5921 | D:6      | Found a runed translucent gate.
  5922 | D:6      | Found an opulent altar of Gozag.
  5923 | D:6      | Noticed a cyclops
  5923 | D:6      | Noticed bosakos's ghost (novice GnWn)
  5923 | D:6      | Noticed a manticore
  5934 | D:6      | Identified the +5 dagger of Hatred {vorpal, rC+ MP+9 Int-5}
  6038 | D:6      | Noticed Pikel
  6045 | D:6      | Killed Pikel
  6046 | D:6      | Reached skill level 13 in Axes
  6270 | D:6      | Found an ancient bone altar of Kikubaaqudgha.
  6401 | D:6      | Noticed Eustachio
  6406 | D:6      | Killed Eustachio
  6493 | D:6      | Noticed a two-headed ogre
  6500 | D:6      | Killed a two-headed ogre
  6708 | D:7      | Found a flagged portal.
  6719 | Bailey   | Entered a bailey
  7688 | Bailey   | Reached skill level 14 in Axes
  8449 | D:7      | Reached XP level 11. HP: 97/97 MP: 10/10
  8461 | D:7      | Noticed a boulder beetle
  8479 | D:7      | Killed a boulder beetle
  8675 | D:7      | Found a broken altar of Ashenzari.
  8684 | D:7      | Found a snail-covered altar of Cheibriados.
  8948 | D:8      | Noticed a tengu warrior
  8955 | D:8      | Killed a tengu warrior
  9149 | D:8      | Upgraded the game from 0.30-a0-469-g84de5afbc5 to
                  | 0.30-a0-474-g5673dd7ce6
  9302 | D:8      | Got the -2 chain mail "Wuvecs" {rElec rCorr}
  9314 | D:8      | Found the +18 Lear's hauberk
  9773 | D:9      | Found a radiant altar of Vehumet.
  9835 | D:9      | Noticed a two-headed ogre
  9842 | D:9      | Killed a two-headed ogre
  9843 | D:9      | Reached skill level 10 in Fighting
 10065 | D:9      | Reached skill level 15 in Axes
 10447 | D:9      | Found a hazy altar of Hepliaklqana.
 10597 | D:10     | Entered Level 10 of the Dungeon
 10733 | D:10     | Reached skill level 10 in Armour
 10763 | D:10     | Reached ***** piety under Trog
 10805 | D:10     | Noticed Josephine
 10811 | D:10     | Killed Josephine
 11027 | D:10     | Noticed Urug
 11043 | D:10     | Killed Urug
 11313 | D:10     | Noticed a two-headed ogre
 11326 | D:10     | Killed a two-headed ogre
 11327 | D:10     | Reached XP level 12. HP: 108/108 MP: 11/11
 11419 | D:10     | Found a sacrificial altar of Ru.
 11478 | D:10     | Reached skill level 16 in Axes
 11777 | D:11     | Noticed Psyche
 11785 | D:11     | Killed Psyche
 12049 | D:11     | Found a portal to a secret trove of treasure.
 12118 | D:11     | Noticed a two-headed ogre
 12127 | D:11     | Killed a two-headed ogre
 12165 | D:11     | Found a staircase to the Lair.
 12181 | D:11     | Reached skill level 10 in Dodging
 12354 | D:11     | Noticed Maurice
 12361 | D:11     | Killed Maurice
 12667 | D:12     | Noticed a two-headed ogre
 12668 | D:12     | Noticed Rupert
 12835 | D:12     | Killed Rupert
 12836 | D:12     | Reached skill level 17 in Axes
 12929 | D:12     | Killed a two-headed ogre
 12954 | D:12     | Found a glowing golden altar of the Shining One.
 12987 | D:12     | Found a frozen archway.
 13013 | IceCv    | Entered an ice cave
 13513 | D:12     | Found a staircase to the Orcish Mines.
 13738 | D:12     | Noticed a centaur warrior
 13753 | D:12     | Killed a centaur warrior
 13754 | D:12     | Reached XP level 13. HP: 108/118 MP: 12/12
 14185 | Lair:1   | Entered Level 1 of the Lair of Beasts
 14225 | Orc:1    | Entered Level 1 of the Orcish Mines
 14831 | Orc:2    | Entered Level 2 of the Orcish Mines
 14857 | Orc:2    | Noticed Snorg
 14864 | Orc:2    | Killed Snorg
 14865 | Orc:2    | Reached skill level 18 in Axes
 15113 | Orc:2    | Found Poanaima's General Store.
 15114 | Orc:2    | Found Suotos's Armour Shop.
 15631 | Orc:2    | Found a staircase to the Elven Halls.
 15712 | Orc:2    | Found a gateway to a bazaar.
 15768 | Orc:2    | Identified the +0 quick blade of Perfectionism {vorpal,
                  | +Blink rElec} (Trog gifted it to you on level 2 of the
                  | Orcish Mines)
 15768 | Orc:2    | Received a gift from Trog
 15772 | Orc:2    | Found Vesyof's Weapon Shop.
 15772 | Orc:2    | Found Hinwedo's Jewellery Emporium.
 16042 | Bazaar   | Entered a bazaar
 16047 | Bazaar   | Found Dumarha's Assorted Antiques.
 16048 | Bazaar   | Found Riqusso's Magic Scroll Emporium.
 16076 | Bazaar   | Found Noweah's Book Shop.
 16076 | Bazaar   | Found Neijeinig's Distillery.
 16098 | Bazaar   | Found Jideb's Book Emporium.
 16121 | Bazaar   | Found Bomn's General Store.
 16144 | Bazaar   | Bought an iridescent war axe for 195 gold pieces
 16144 | Bazaar   | Identified the +7 war axe of the Dwarven Hall {vorpal,
                  | rCorr Int+3 SInv} (You bought it in a shop in a bazaar)
 16144 | Bazaar   | Bought a scroll labelled TAAPLO SOCH for 23 gold pieces
 16144 | Bazaar   | Bought a pair of embroidered gloves for 172 gold pieces
 16144 | Bazaar   | Bought a dark potion for 20 gold pieces
 16163 | Bazaar   | Bought a potion of might for 64 gold pieces
 16163 | Bazaar   | Bought a scroll of enchant armour for 120 gold pieces
 16170 | Bazaar   | Bought a potion of heal wounds for 85 gold pieces
 16187 | Bazaar   | Bought a scroll of enchant weapon for 90 gold pieces
 16187 | Bazaar   | Bought a scroll of silence for 114 gold pieces
 16219 | Orc:2    | Bought the amulet of Uregirch {rPois Regen+ Dex+4 Slay-4
                  | SInv} for 592 gold pieces
 16264 | Orc:2    | Bought a +0 buckler for 72 gold pieces
 16279 | Orc:2    | Bought a +1 cloak for 195 gold pieces
 16373 | Lair:1   | Reached skill level 1 in Shields
 16404 | Lair:1   | Found a sparkling altar of Nemelex Xobeh.
 16412 | Lair:1   | Noticed Sonja
 16414 | Lair:1   | Reached skill level 1 in Evocations
 16431 | Lair:1   | Killed Sonja
 16501 | Lair:1   | Noticed Erica
 16507 | Lair:1   | Killed Erica
 16720 | Lair:1   | Reached skill level 19 in Axes
 16761 | Lair:1   | Identified the +1 scale mail "Rega" {rCorr Str+5}
 16900 | Lair:1   | Reached XP level 14. HP: 129/129 MP: 13/13
 18331 | Lair:3   | Found a hole to the Spider Nest.
 18652 | Lair:3   | Found a staircase to the Shoals.
 19371 | Lair:4   | Identified the ring "Miur" {Fire rElec Will- Int+3 Dex+2
                  | SInv}
 19707 | Lair:5   | Entered Level 5 of the Lair of Beasts
 19712 | Lair:5   | Found a white marble altar of Elyvilon.
 19753 | Lair:5   | Reached skill level 5 in Shields
 19907 | Lair:5   | Reached skill level 20 in Axes
 20158 | Lair:5   | Found a staircase to the Slime Pits.
 20160 | Lair:5   | Found a viscous altar of Jiyva.
 20260 | Lair:5   | Reached XP level 15. HP: 138/138 MP: 14/14
 20432 | Lair:5   | Found the +3 pair of seven-league boots {Rampage+∞}
 20761 | Lair:5   | Reached skill level 5 in Evocations
 20985 | D:13     | Found the dreamshard necklace {*Dream Drain}
 20985 | D:13     | Found a gate to the Vaults.
 21041 | D:13     | Received a gift from Trog
 21420 | D:13     | Found an ancient bone altar of Kikubaaqudgha.
 21622 | D:13     | Reached skill level 21 in Axes
 21991 | D:13     | HP: 9/205 [poison (dark miasma)]
 21993 | D:13     | HP: 2/207 [freezing wraith (3)]
 22040 | D:13     | HP: 6/136 [poisoned by a reaper]
 22043 | D:13     | Reached skill level 15 in Fighting
 23319 | D:14     | Noticed Frances
 23328 | D:14     | Killed Frances
 23376 | D:14     | Reached XP level 16. HP: 147/149 MP: 15/15
 23418 | D:14     | Reached skill level 15 in Armour
 23922 | D:15     | Entered Level 15 of the Dungeon
 24299 | D:15     | Received a gift from Trog
 24310 | D:15     | Identified the +1 robe of the Many Stars {-Cast rN+ Dex+7
                  | Stlth+}
 24767 | D:15     | Found a staircase to the Depths.
 24952 | Spider:1 | Entered Level 1 of the Spider Nest
 25169 | Lair:3   | Reached skill level 22 in Axes
 26627 | Spider:2 | Received a gift from Trog
 27371 | Spider:2 | Reached XP level 17. HP: 158/158 MP: 16/16
 28674 | Spider:4 | Entered Level 4 of the Spider Nest
 28808 | Spider:3 | Reached skill level 15 in Dodging
 28989 | Spider:4 | Received a gift from Trog
 29788 | Spider:4 | Identified the amulet "Mive Fap" {Faith Int+4 Dex+5}
 30132 | Spider:4 | Reached ****** piety under Trog
 30277 | Spider:4 | Got a gossamer rune of Zot
 30493 | Vaults:1 | Entered Level 1 of the Vaults
 30525 | Vaults:1 | Found Mechash's Assorted Antiques.
 30554 | Vaults:1 | Bought a runed cloak for 270 gold pieces
 30554 | Vaults:1 | Bought a glowing plate armour for 936 gold pieces
 30825 | Vaults:1 | Received a gift from Trog
 30826 | Vaults:1 | Reached skill level 23 in Axes
 30831 | Vaults:1 | Reached XP level 18. HP: 132/169 MP: 17/17
 31134 | Vaults:1 | HP: 4/170 [yaktaur captain/bolt (12)]
 31588 | Elf:1    | Entered Level 1 of the Elven Halls
 31996 | Elf:1    | Reached skill level 10 in Shields
 32200 | Elf:1    | Paralysed by an air elemental for 1 turns
 32446 | Elf:1    | Received a gift from Trog
 32990 | Elf:2    | Found Nevet's Book Emporium.
 33156 | Elf:2    | Found Ribb's Jewellery Emporium.
 33341 | Elf:2    | Found Suostat's Armour Emporium.
 33356 | Elf:2    | Found Omama's Book Shop.
 33557 | Elf:2    | Received a gift from Trog
 33564 | Elf:2    | Found a runed translucent gate.
 33565 | Elf:2    | Found a runed translucent gate.
 33565 | Elf:2    | Found a runed translucent gate.
 33582 | Elf:2    | Found Kipes's Armour Emporium.
 33800 | Elf:2    | Noticed Nikola
 33890 | Elf:3    | Entered Level 3 of the Elven Halls
 34823 | Elf:3    | Received a gift from Trog
 35041 | Elf:3    | Identified the +5 trident of Laceration {flame, +Blink
                  | rCorr Str-2}
 35705 | Elf:3    | Reached XP level 19. HP: 74/179 MP: 18/18
 35998 | Elf:3    | Identified the +0 chain mail of the Ancient Things {Harm
                  | *Corrode rPois Stlth+}
 36150 | Elf:3    | Found Omama's Tremendous Tomes.
 36478 | Elf:3    | Received a gift from Trog
 36498 | Elf:3    | Identified the ring "Kuoloikh" {Fire +Blink rN+ rCorr
                  | Dex-3}
 36668 | Elf:3    | Identified the +5 ring mail of the Worm {Drain +Inv rPois
                  | Stlth+}
 36796 | Elf:3    | Killed Nikola
 36807 | Elf:3    | Identified the +9 broad axe of the Undead {speed, rN+}
 36903 | Elf:2    | Bought a scarf of resistance for 544 gold pieces
 37077 | Elf:2    | Reached skill level 24 in Axes
 38282 | Vaults:1 | Received a gift from Trog
 39354 | Vaults:2 | Noticed a bone dragon
 39368 | Vaults:2 | Killed a bone dragon
 39410 | Vaults:2 | Found a staircase to the Crypt.
 40494 | Vaults:2 | Received a gift from Trog
 40606 | Vaults:2 | Reached XP level 20. HP: 180/191 MP: 19/19
 40678 | Vaults:2 | Identified the +6 arbalest "Unanwa" {antimagic, Int+7}
 42111 | Vaults:3 | Received a gift from Trog
 42326 | Vaults:3 | Identified the ring "Zoddin" {Fire Int+3}
 43802 | Vaults:4 | Received a gift from Trog
 43978 | Vaults:4 | Reached skill level 25 in Axes
 44001 | Vaults:4 | Noticed Xtahua
 44015 | Vaults:4 | Killed Xtahua
 44325 | Vaults:4 | Found Akun's Armour Boutique.
 44604 | Vaults:4 | Noticed a caustic shrike
 44608 | Vaults:4 | a caustic shrike changed into a golden dragon
 44608 | Vaults:4 | Noticed a golden dragon (glowing shapeshifter)
 44611 | Vaults:4 | a golden dragon changed into an acid blob
 44614 | Vaults:4 | an acid blob changed into a caustic shrike
 44614 | Vaults:4 | Noticed a caustic shrike (glowing shapeshifter)
 44615 | Vaults:4 | a caustic shrike changed into an acid blob
 44913 | Vaults:4 | Reached XP level 21. HP: 190/201 MP: 20/20
 44991 | Vaults:4 | Identified the +6 hand axe of Growth {vorpal, Str+6} (Trog
                  | gifted it to you on level 4 of the Vaults)
 44991 | Vaults:4 | Received a gift from Trog
 45521 | Vaults:4 | Reached skill level 15 in Shields
 45935 | Depths:1 | Entered Level 1 of the Depths
 45935 | Depths:1 | Noticed Asterion
 45935 | Depths:1 | Found a gateway to Hell.
 45976 | D:15     | Killed Asterion
 46898 | Depths:1 | Found a broken altar of Ashenzari.
 46931 | Depths:1 | Identified the +8 hand axe "Dyfie" {vorpal, Fly Int-4 Dex+6
                  | SInv} (Trog gifted it to you on level 1 of the Depths)
 46931 | Depths:1 | Received a gift from Trog
 47212 | Shoals:1 | Entered Level 1 of the Shoals
 47521 | Shoals:1 | Found Epoch's Book Shoppe.
 48010 | Shoals:2 | Noticed Mlioglotl
 48024 | Shoals:3 | Received a gift from Trog
 48130 | Shoals:3 | Noticed Bai Suzhen
 48272 | Shoals:2 | Killed Mlioglotl
 49433 | Shoals:3 | Killed Bai Suzhen
 50041 | Shoals:4 | Entered Level 4 of the Shoals
 50046 | Shoals:4 | Reached skill level 26 in Axes
 50061 | Shoals:4 | Received a gift from Trog
 50186 | Shoals:4 | Reached XP level 22. HP: 202/213 MP: 21/21
 50481 | Shoals:4 | Got a barnacled rune of Zot
 50889 | Shoals:4 | Received a gift from Trog
 51769 | Depths:1 | Noticed a caustic shrike
 52067 | D:15     | Killed a caustic shrike
 53236 | Depths:2 | Noticed a golden dragon
 53257 | Depths:2 | Killed a golden dragon
 53260 | Depths:2 | Received a gift from Trog
 53477 | Depths:2 | Found a corrupted altar of Lugonu.
 53681 | Depths:2 | Found a one-way gate to the infinite horrors of the Abyss.
 53722 | Depths:2 | Found a one-way gate leading to the halls of Pandemonium.
 53749 | Depths:2 | Found a radiant altar of Vehumet.
 53841 | Depths:2 | Noticed a caustic shrike
 53841 | Depths:2 | Noticed a caustic shrike
 53851 | Depths:2 | Killed a caustic shrike
 53858 | Depths:2 | Killed a caustic shrike
 53973 | Depths:2 | Noticed a caustic shrike
 53985 | Depths:2 | Killed a caustic shrike
 54280 | Depths:2 | Found the +3 salamander hide armour {Flames rF++ rC--}
 54498 | Depths:2 | Identified the +10 rapier of the Equator {vorpal, rC-
                  | Dex+7}
 54596 | Depths:2 | Noticed a golden dragon
 54602 | Depths:2 | Killed a golden dragon
 54890 | Depths:3 | Received a gift from Trog
 54998 | Depths:3 | Noticed Parghit
 55011 | Depths:3 | Killed Parghit
 55770 | Depths:3 | Found a one-way gateway to a ziggurat.
 55858 | Depths:3 | Reached XP level 23. HP: 206/224 MP: 22/22
 55879 | Depths:3 | Noticed a caustic shrike
 55922 | Depths:3 | Noticed a juggernaut
 55940 | Depths:3 | Killed a juggernaut
 56056 | Depths:3 | Killed a caustic shrike
 56238 | Depths:4 | Entered Level 4 of the Depths
 56468 | Depths:4 | Found a gate to the Realm of Zot.
 56472 | Depths:4 | Reached skill level 27 in Axes
 57042 | Depths:4 | Received a gift from Trog
 57245 | Depths:4 | Paralysed by a floating eye for 3 turns
 58816 | Vaults:5 | Entered Level 5 of the Vaults
 58880 | Vaults:5 | Identified the +10 hand axe "Doig Nyin" {vorpal, rElec
                  | rPois Str+4 Int-2} (Trog gifted it to you on level 5 of the
                  | Vaults)
 58880 | Vaults:5 | Received a gift from Trog
 58902 | Vaults:5 | Noticed a dread lich
 58913 | Vaults:4 | Killed a dread lich
 58914 | Vaults:4 | Reached XP level 24. HP: 108/236 MP: 22/22
 59134 | Vaults:5 | Identified the +4 quarterstaff of Qitenuh {freeze, MP+9}
 59683 | Vaults:5 | Paralysed by a sphinx for 5 turns
 59705 | Vaults:4 | Received a gift from Trog
 60484 | Vaults:5 | Identified the +0 pair of boots of Dawn {rC+ Will+}
 60781 | Vaults:5 | Identified the ring "Dudadaq" {rC+ Dex+6 Slay-3 SInv}
 60806 | Vaults:5 | Identified the +6 halberd "Dosero Vimu" {vamp, rPois Dex+4}
 60830 | Vaults:5 | Identified the +3 short sword "Pajociff" {vorpal, Str+3
                  | Stlth+}
 60982 | Vaults:5 | Got a silver rune of Zot
 61617 | Zot:1    | Entered Level 1 of the Realm of Zot
 62497 | Zot:1    | Identified the +8 broad axe of Profit {vorpal, *Noise rElec
                  | Str+3} (Trog gifted it to you on level 1 of the Realm of
                  | Zot)
 62497 | Zot:1    | Received a gift from Trog
 62878 | Zot:2    | Found a transporter.
 62882 | Zot:2    | Found a transporter.
 62884 | Zot:2    | Found a transporter.
 62931 | Zot:2    | Found a transporter.
 65244 | Zot:3    | Noticed a Killer Klown
 65426 | Zot:3    | Received a gift from Trog
 65776 | Zot:3    | Reached XP level 25. HP: 247/247 MP: 22/22
 65833 | Zot:3    | Killed a Killer Klown
 66442 | Zot:4    | Noticed an ancient lich
 66673 | Zot:3    | Killed an ancient lich
 66820 | Zot:4    | Noticed a juggernaut
 66835 | Zot:4    | Killed a juggernaut
 67303 | Zot:4    | Noticed a Killer Klown
 67317 | Zot:4    | Killed a Killer Klown
 67991 | Zot:5    | Entered Level 5 of the Realm of Zot
 68054 | Zot:5    | Received a gift from Trog
 68786 | Zot:5    | Noticed a dread lich
 68810 | Zot:5    | Killed a dread lich
 68813 | Zot:5    | Noticed a Killer Klown
 68851 | Zot:5    | Killed a Killer Klown
 68867 | Zot:5    | Noticed a Killer Klown
 68870 | Zot:5    | Noticed an orb of fire
 68874 | Zot:5    | Gained mutation: Your magical capacity is low. (-10% MP)
                  | [an orb of fire]
 68878 | Zot:5    | Noticed an orb of fire
 68894 | Zot:5    | Gained mutation: You are clumsy. (Dex -2) [an orb of fire]
 68895 | Zot:5    | Killed an orb of fire
 68910 | Zot:5    | Gained mutation: You are vulnerable to cold. (rC-) [an orb
                  | of fire]
 68911 | Zot:5    | Killed an orb of fire
 68912 | Zot:5    | Reached skill level 10 in Evocations
 68929 | Zot:5    | Killed a Killer Klown
 69347 | Zot:5    | Noticed a Killer Klown
 69355 | Zot:5    | Killed a Killer Klown
 69624 | Zot:5    | Reached XP level 26. HP: 240/261 MP: 1/19
 69825 | Zot:5    | Got the Orb of Zot
 69968 | Depths:4 | Received a gift from Trog
 70312 | D:9      | Noticed Tojuzon the pandemonium lord
 70542 | D:$      | Escaped with the Orb!

Illustrated notes

Levels and vault maps discovered:
D:1:      dpeg_arrival_tiny_c, layout_loops_ring
D:2:      cheibrodos_old_hovel, layout_loops_cross, minmay_split_cup_small,
          uniq_jessica
D:3:      layout_basic, gammafunk_ghost_necromancy, uniq_ijyb
D:4:      layout_basic, mainiacjoe_overflow_brackets,
          minmay_temple_entry_from_below_a, minmay_close_crescents, uniq_natasha
D:5:      layout_loops_cross, kennysheep_ying_yang, chequers_ossuary_entry_cave,
          minmay_hollow_rounded_squares, uniq_duvessa, uniq_blork_the_orc
D:6:      layout_basic, kennysheep_vampire_church, ebering_ghost_gozag,
          uniq_eustachio, uniq_grinder, uniq_pikel, uniq_menkaure
D:7:      minmay_chambers_of_sixes, layout_loops_cross,
          mainiacjoe_overflow_swirl, enter_bailey_4,
          kennysheep_cross_bottleneck, hangedman_decor_lopped
D:8:      layout_basic, supply_closet_lemuel, hellmonk_guarded_unrand_lears
D:9:      layout_basic, mainiacjoe_overflow_24_doors,
          mainiacjoe_overflow_boulevard
D:10:     layout_loops_ring, kennysheep_mini, billiards_dpeg, uniq_urug,
          uniq_josephine
D:11:     layout_irregular_city, david_lair_generic, trove_entry_hex_spiral,
          kennysheep_small_spiral, introduction_to_nature_1, uniq_maurice,
          uniq_psyche
D:12:     layout_cave_pods, orc_0_dummy, portal_ice_cave_entry_pillars_1,
          tso_metal_star, uniq_rupert
D:13:     evilmike_negative_zone, layout_cave_pods, david_vaults_3,
          minmay_statue_bubble
D:14:     layout_cave_pools, serial_bayou_ford_a, uniq_frances
D:15:     gammafunk_enter_depths_forms, layout_long_grid, minmay_misc_feat_chi,
          hangedman_weighted_door
Lair:1:   layout_gridlike, basic_altar, uniq_sonja, uniq_erica
Lair:2:   layout_cave_pods
Lair:3:   layout_cave_shapes, minmay_shoals_entry_centaurs,
          spider_nest_entry_webs
Lair:4:   layout_small_grid, grunt_megastairs_4
Lair:5:   gammafunk_lair_ancient_temple, layout_cave_shapes,
          nicolae_slime_entry_slimehenge, basic_altar,
          hellmonk_guarded_unrand_seven_league_boots, serial_bayou_shore_b
Shoals:1: layout_shoals, serial_shops, nicolae_diamond_shop
Shoals:2: layout_shoals, nzn_prometheus_bound, uniq_mlioglotl
Shoals:3: layout_shoals, uniq_bai_suzhen
Shoals:4: shoals_end_simple, layout_shoals
Spider:1: layout_spider_delve
Spider:2: layout_chambers
Spider:3: layout_spider_delve, nicolae_spider_baby_got_redback
Spider:4: spider_rune_water
Orc:1:    layout_caves, basic_altar
Orc:2:    st_orc_town, layout_caves, serial_shops, bzr_in_the_mist, uniq_snorg
Elf:1:    eino_elf_arrival_shootout, layout_loops_corners,
          hangedman_elf_disciples, chequers_big_river
Elf:2:    nicolae_elf_blades_crystal_corner, layout_onion_city, serial_shops,
          nicolae_shop_trees, nicolae_stop_n_shop_2, shop, shop,
          nicolae_shop_behind_doors, uniq_nikola
Elf:3:    grunt_elf_hall_asides, layout_loops_cross,
          nicolae_shop_i_like_big_books
Vaults:1: nicolae_vaults_display_case, vaults_mumra_lcd,
          dpeg_vaults_monster_row, v_pattern_5, hangedman_vaults_stream,
          nicolae_vaults_asterisk, v_misc_3, nicolae_vaults_alarming,
          hangedman_vaults_variations, layout_vaults_ring, serial_shops,
          shop_fountains
Vaults:2: nicolae_vaults_little_squares_3, minmay_crypt_entry_nasty_monster,
          vaults_room_semicircle, hangedman_vaults_pinch,
          nicolae_vaults_little_ls, ontoclasm_vaults_gateway,
          ontoclasm_vaults_hangar, vaults_dpeg_spiral,
          nicolae_vaults_what_the_h, hangedman_vaults_trim,
          ontoclasm_vaults_shuriken, vaults_dpeg_doors, st_lines,
          nicolae_vaults_rhombus_6, nicolae_vaults_yaktaur_gun_rack,
          hangedman_vaults_slice, v_rooms_5, layout_vaults_maze_snakey
Vaults:3: nicolae_vaults_ring_of_whatevers, nicolae_vaults_puzzle_piece,
          v_misc_19, vaults_dpeg_cross, vaults_room_door_hall,
          vaults_room_hallway, v_misc_18, nicolae_vaults_little_squares_6,
          layout_vaults_omnibox
Vaults:4: v_rooms_2, vaults_dpeg_encased_lava, v_rooms_4,
          dpeg_vaults_monster_box, nicolae_vaults_diagonal_hallway_8,
          layout_vaults_quadrants, serial_shops, shop, uniq_xtahua
Vaults:5
Depths:1: minmay_sliced_demisemicircle, layout_basic, hell_entry, nrook_uturn,
          drop_trap, ashenzari_conservatory_becter, uniq_asterion
Depths:2: minmay_four_inscribed_fans, layout_cave_shapes,
          nicolae_vehumet_altar_sigil, hell_entry, rand_demon_pan_entry_5,
          abyss_entry_flame_altar, minmay_staircase_statues
Depths:3: minmay_open_boxes_in_corner, layout_basic, enter_ziggurat_b,
          minmay_misc_feat_iff, abyss_entry, pf_vacation_house_of_asmodeus,
          minmay_staircase_windowed_small, uniq_parghit
Depths:4: lemuel_castle_with_subvaults [lemuel_castle_interior_original],
          layout_gridlike, nicolae_eternal_life, abyss_entry_crystal,
          grunt_hell_entry_dis_grunt
Zot:1:    layout_misc_corridors
Zot:2:    lemuel_draconian_sentries_small, layout_twisted_circle,
          nicolae_transporter_circle
Zot:3:    layout_onion_interference, grunt_ministairs_8
Zot:4:    ebering_greatest_show_in_zot, layout_cathedral_of_symmetry
Zot:5:    layout_twisted_circle

Skill      XL: |  1  2  3  4  5  6  7  8  9 10 11 12 13 14 15 16 17 18 19 20 21 22 23 24 25 |
---------------+----------------------------------------------------------------------------+-----
Axes           | 4 5 6 7 8 9 11 12 14 15 17 19 20 21 22 23 24 25 26 27 | 27.0
Fighting       | 4 5 6 7 9 10 12 13 14 15 16 17 18 19 20 21 22 23 24 26 | 26.4
Armour         | 3 4 5 7 8 10 11 12 13 14 16 17 18 19 20 21 22 23 24 25 | 25.7
Dodging        | 3 4 5 6 8 9 10 11 12 13 14 15 16 17 18 19 20 21 22 23 | 23.7
Shields        | 2 5 6 9 11 13 14 15 17 19 20 | 20.5
Evocations     | 2 4 6 7 9 10 | 10.4

Action                   |  1- 3 |  4- 6 |  7- 9 | 10-12 | 13-15 | 16-18 | 19-21 | 22-24 | 25-27 || total
-------------------------+-------+-------+-------+-------+-------+-------+-------+-------+-------++-------
Melee: Hand axe          |    76 |   110 |   169 |       |       |       |       |       |       ||   355
       Headbutt          |     9 |    18 |    55 |   111 |   256 |   420 |   484 |   519 |   199 ||  2071
       Punch             |     1 |       |     1 |     5 |       |       |       |       |       ||     7
       War axe           |       |       |    83 |   599 |   925 |  1529 |   107 |       |       ||  3243
       Battleaxe         |       |       |       |       |   187 |       |       |       |       ||   187
       Broad axe         |       |       |       |       |       |       |  1551 |  1583 |   609 ||  3743
Throw: Javelin           |       |       |       |       |       |       |       |       |     2 ||     2
Invok: Trog's Hand       |     1 |       |     7 |    18 |    25 |     8 |    17 |     7 |     9 ||    92
       Berserk           |       |     4 |     5 |    11 |     4 |       |     2 |     2 |     1 ||    29
       Brothers in Arms  |       |       |       |     3 |     5 |       |     1 |       |       ||     9
Evoke: Wand              |       |       |       |     4 |       |     3 |       |     6 |       ||    13
       Phial of floods   |       |       |       |       |     1 |       |       |       |       ||     1
       Phantom mirror    |       |       |       |       |     1 |       |       |       |       ||     1
       Condenser vane    |       |       |       |       |       |     1 |     2 |     4 |     1 ||     8
       Lightning rod     |       |       |       |       |       |     1 |       |     4 |     1 ||     6
       Box of beasts     |       |       |       |       |       |     1 |       |       |       ||     1
       Tin of tremorston |       |       |       |       |       |       |       |     5 |       ||     5
  Use: Scroll            |       |     2 |     6 |    17 |     9 |     9 |     7 |    15 |     3 ||    68
       Potion            |       |       |       |     1 |     2 |     5 |       |       |     5 ||    13
 Stab: Distracted        |       |       |       |       |       |     1 |       |       |       ||     1
Armor: Animal skin       |     9 |       |       |       |       |       |       |       |       ||     9
       Chain mail        |    17 |    42 |    64 |   301 |   434 |       |       |       |       ||   858
       Plate armour      |       |       |       |       |   179 |   901 |   407 |    94 |       ||  1581
       Gold dragon scale |       |       |       |       |       |       |       |   493 |   162 ||   655
Dodge: Dodged            |    37 |    38 |    86 |   296 |   631 |   724 |   463 |   520 |   168 ||  2963
Block: Buckler           |       |       |       |       |   150 |       |       |       |       ||   150
       Kite shield       |       |       |       |       |    90 |   742 |   958 |   945 |   311 ||  3046
       Reflection        |       |       |       |       |       |    19 |   122 |    19 |     3 ||   163

Table legend: (Time is in decaauts)
 A = Elapsed time spent in this place.
 B = Non-inter-level travel time spent in this place.
 C = Inter-level travel time spent in this place.
 D = Time resting spent in this place.
 E = Time spent auto-exploring this place.
 F = Levels seen in this place.
 G = Mean time per level.
                   A        B        C        D        E       F      G
               +--------+--------+--------+--------+--------+-----+--------+
         Total |  68845 |  64126 |   4719 |  21059 |  28422 |  51 | 1349.9 |
       Dungeon |  18655 |  17147 |   1508 |   4897 |   8763 |  15 | 1243.7 |
          Lair |   5164 |   4478 |    686 |    486 |   2949 |   5 | 1032.8 |
        Shoals |   4113 |   3916 |    197 |    855 |   2322 |   4 | 1028.2 |
   Spider Nest |   5289 |   4890 |    399 |   1246 |   2155 |   4 | 1322.2 |
  Orcish Mines |   2021 |   1742 |    279 |    422 |    803 |   2 | 1010.5 |
   Elven Halls |   5997 |   5628 |    369 |   2069 |   2099 |   3 | 1999.0 |
        Vaults |  10467 |   9687 |    780 |   4014 |   3626 |   5 | 2093.4 |
        Depths |   7409 |   6993 |    416 |   2460 |   3228 |   4 | 1852.2 |
           Zot |   7453 |   7371 |     82 |   3558 |   2178 |   5 | 1490.6 |
        Bazaar |    156 |    156 |      0 |      0 |     55 |   1 |  156.0 |
       Ossuary |    401 |    401 |      0 |    131 |     57 |   1 |  401.0 |
        Bailey |   1273 |   1273 |      0 |    714 |    186 |   1 | 1273.0 |
      Ice Cave |    442 |    442 |      0 |    203 |      0 |   1 |  442.0 |
               +--------+--------+--------+--------+--------+-----+--------+

Top non-repeatable levels by time:
Vaults:4: 3219 daAuts
   Zot:2: 2873 daAuts
    D:13: 2864 daAuts
Depths:4: 2729 daAuts
Vaults:2: 2495 daAuts
   Elf:3: 2195 daAuts
    D:15: 2153 daAuts
   Elf:2: 2064 daAuts
Vaults:3: 1882 daAuts
   Elf:1: 1737 daAuts
Vaults:1: 1715 daAuts
Depths:2: 1649 daAuts
Depths:1: 1645 daAuts
     D:5: 1623 daAuts
Spider:4: 1596 daAuts
